 Dungeon Crawl Stone Soup version 0.19.0 (webtiles) character file.

45330 PurpleRed the Severer (level 14, -1/135 HPs)
             Began as a Minotaur Fighter on Nov 12, 2016.
             Was the Champion of Okawaru.
             Slain by a tengu warrior
             ... wielding a +0 great mace
             ... led by a tengu warrior
              (7 damage)
             ... while paralysed by a great orb of eyes
             ... on level 1 of the Depths.
             The game lasted 00:28:09 (14801 turns).

PurpleRed the Severer (Minotaur Fighter)           Turns: 14801, Time: 00:28:10

Health: -1/135     AC: 19    Str: 27    XL:     14   Next: 0%
Magic:  13/13      EV:  2    Int:  5    God:    Okawaru [******]
Gold:   720        SH:  0    Dex: 16    Spells: 0 memorised, 13 levels left

rFire  . . .     SeeInvis +     D - +14 obsidian axe {chop, +Fly SInv *Curse} (curse)
rCold  . . .     Gourm    .     H - +0 plate armour
rNeg   . . .     Faith    +     c - +0 shield
rPois  .         Spirit   .     L - +0 hat
rElec  .         Reflect  .     W - +0 cloak
rCorr  .         Harm     .     (no gloves)
MR     +....                    X - +1 pair of boots {run}
Stlth  ..........               m - amulet of faith
                                A - +2 ring of strength
                                n - +5 ring of dexterity

@: paralysed, mesmerised, quick
A: retaliatory headbutt, horns 2
a: Heroism, Finesse, Renounce Religion, Evoke Flight


You were on level 1 of the Depths.
You worshipped Okawaru.
Okawaru was exalted by your worship.
You were not hungry.

You visited 3 branches of the dungeon, and saw 17 of its levels.
You visited 1 bazaar.

You collected 1306 gold pieces.
You spent 586 gold pieces at shops.

Inventory:

Hand Weapons
 o - a +5 blowgun
 v - a +2 battleaxe of freezing
 y - the +8 dagger of Uncertain Death {freeze, rF+}
   (You found it on level 4 of the Dungeon)

   It has been specially enchanted to freeze those struck by it, causing extra
   injury to most foes and up to half again as much damage against particularly
   susceptible opponents.
   It can also slow down cold-blooded creatures.
   It protects you from fire.
 D - the cursed +14 obsidian axe (weapon) {chop, +Fly SInv *Curse}
   (You found it on level 5 of the Dungeon)

   It inflicts extra damage upon your enemies.
   It lets you see invisible.
   It lets you fly.
   It may re-curse itself when equipped.
   It has a curse placed upon it.
 O - a +4 broad axe of chopping
 P - a +1 executioner's axe of flaming
Missiles
 R - 9 curare-tipped needles
Armour
 c - a +0 shield (worn)
 H - a +0 plate armour (worn)
 L - a +0 hat (worn)
 W - a +0 cloak (worn)
 X - a +1 pair of boots of running (worn)
Jewellery
 m - an amulet of faith (around neck)
 n - a +5 ring of dexterity (left hand)
 A - a +2 ring of strength (right hand)
 E - an uncursed ring of see invisible
Wands
 i - a wand of polymorph (2/24)
 p - a wand of paralysis (1/24)
 q - a wand of iceblast (12/15)
 G - a wand of random effects (22/48)
 K - a wand of enslavement (12/24)
 U - a wand of lightning (9/15)
Scrolls
 g - 5 scrolls of recharging
 j - 4 scrolls of fog
 r - a scroll of remove curse
 u - 2 scrolls of enchant weapon
 F - 5 scrolls of teleportation
 I - 2 scrolls of blinking
 J - a scroll of silence
Potions
 a - a potion of beneficial mutation {unknown}
 b - 3 potions of flight
 d - 2 potions of might
 e - 3 potions of cure mutation
 h - 3 potions of ambrosia
 k - 3 potions of heal wounds
 s - a potion of resistance
 w - a potion of cancellation
 B - a potion of brilliance {unknown}
 C - 7 potions of curing
 M - 2 potions of haste
 N - 2 potions of agility
 T - a potion of invisibility {unknown}
Comestibles
 f - 17 bread rations
 l - a royal jelly
 t - 8 meat rations
 x - 3 beef jerkies
 z - 6 fruits


   Skills:
 + Level 15.2 Fighting
 - Level 20.2 Axes
 + Level 11.4 Armour
 + Level 3.1 Dodging
 - Level 3.6 Shields


You had 13 spell levels left.
You didn't know any spells.

Dungeon Overview and Level Annotations

Branches:
Dungeon (15/15)            Temple (1/1) D:6            Lair (0/6) D:10
    Orc (0/2) D:12         Vaults (0/5) D:13         Depths (1/5) D:15

Altars:
Ashenzari
Cheibriados
Dithmenos
Elyvilon
Fedhas
Gozag
Hepliaklqana
Kikubaaqudgha
Makhleb
Nemelex Xobeh
Okawaru
Qazlal
Ru
Sif Muna
Trog
Uskayaw
Vehumet
Xom
Yredelemnul
Zin
The Shining One

Shops:
D:10 !*(!


Innate Abilities, Weirdness & Mutations

You reflexively headbutt those who attack you in melee.
You have a pair of horns on your head.


Message History

The great orb of eyes bites you.
* * * LOW HITPOINT WARNING * * *
Your ynoxinul gestures.
The tengu warrior hits you with a great mace!!
* * * LOW HITPOINT WARNING * * *
The tengu warrior pecks you but does no damage.
The tengu warrior claws you but does no damage.
Your soul eater hits the great orb of eyes!
You are no longer entranced.
The great orb of eyes dies!
Okawaru is honoured by your kill. Something appears at your feet!
Okawaru grants you a gift!
Your Dodging skill increases to level 3!
You have reached level 14!
Visions of slaying the tengu warrior flood into your mind.
The tengu warrior hits you with a great mace.
* * * LOW HITPOINT WARNING * * *
The tengu warrior pecks you!
You die...

#####.## # ###
#......#
..###......#
..+.#......#
..#.#......# ##
..#.#......######.+
..#....†.......555#
..###......####34##
..# ###.#### ##@#
..# #..# #(QQ.....
### ##.# #.3.≈≈≈..
####.#######..##≈##.
# #..........#.≈# )#
# #..........#.≈≈ ≈§
# #..........#.≈# ≈
#####.............#
4..##..........#


You could see 2 tengu warriors, a friendly soul eater, a friendly hellwing, a
friendly ynoxinul and 3 friendly ufetubi.

Vanquished Creatures
  A stone giant (Depths:1)
  Nessos (D:13)
  Azrael (D:13)
  An ettin (Depths:1)
  2 fire dragons (D:15)
  3 centaur warriors
  2 hydras
  A death knight (D:14)
  An ogre mage (D:14)
  A tengu warrior (D:14)
  A deep troll (D:13)
  2 unseen horrors
  A wizard (D:13)
  7 hill giants
  2 phantasmal warriors (D:14)
  A wolf spider zombie (D:15)
  2 deep elf magi
  3 manticores
  2 cyclopes
  4 ugly things
  The ghost of Magifyre the Covert, a novice FeEn of Dithmenos (D:12)
  4 yaktaurs (Depths:1)
  2 freezing wraiths (D:14)
  2 kobold demonologists (D:12)
  4 trolls
  6 two-headed ogres
  A polar bear (shapeshifter) (D:14)
  19 slime creatures
  A hornet (D:8)
  A hippogriff (D:13)
  A meliai zombie (D:12)
  A wyvern (D:12)
  A spriggan (D:7)
  A wraith (D:12)
  8 yaks
  2 steam dragons
  5 fire elementals (D:13)
  2 hungry ghosts
  4 vampire mosquitoes (D:14)
  2 mottled dragons (D:15)
  A hell hound (D:13)
  7 orc warriors
  5 sky beasts
  A black bear (shapeshifter) (Depths:1)
  A phantom (D:10)
  3 ice beasts
  A necrophage (D:11)
  An eye of draining (D:13)
  4 ogres
  8 centaurs
  A big kobold (D:11)
  11 bullfrogs
  3 scorpions
  8 killer bees
  12 wights
  An electric eel (D:7)
  2 howler monkeys
  A bullfrog zombie (D:7)
  6 crimson imps
  A quasit (D:14)
  10 orc priests
  3 hounds
  4 jellies
  8 orc wizards
  5 centaur skeletons
  2 bullfrog skeletons
  4 iguanas
  5 worker ants
  2 hound skeletons
  2 worker ant zombies
  A howler monkey skeleton (D:6)
  8 gnolls
  11 adders
  2 river rats (D:10)
  5 shadow imps
  2 adder skeletons
  A worm (D:2)
  5 leopard geckos
  48 orcs
  3 ball pythons
  16 bats
  8 giant cockroaches
  7 goblins
  7 hobgoblins
  11 jackals
  A quokka (D:7)
  3 frilled lizards
  17 kobolds
  A quokka zombie (D:9)
  14 rats
  4 fungi (D:10)
  2 plants (D:10)
407 creatures vanquished.

Vanquished Creatures (collateral kills)
  Gastronok (D:10)
  A great orb of eyes (Depths:1)
  Sonja (D:10)
  A hill giant (D:10)
  A yaktaur (Depths:1)
  A centaur skeleton (D:13)
  A kobold demonologist (D:12)
  4 slime creatures
  A hippogriff (D:12)
  4 yaks
  A hungry ghost (D:10)
  An ice beast (D:10)
  2 orc warriors
  2 centaurs (D:12)
  An ogre (D:7)
  A big kobold (D:12)
  2 scorpions
  A killer bee (D:10)
  2 wights
  5 electric eels (D:7)
  A centaur zombie (D:10)
  A hound (D:6)
  An orc priest (D:10)
  2 orc wizards (D:7)
  A worker ant (D:6)
  A river rat (D:10)
  2 orcs
  2 jackals (D:7)
  4 bats (D:10)
  A kobold (D:12)
  A rat (D:10)
  4 fungi (D:10)
  3 plants (D:10)
58 creatures vanquished.

Vanquished Creatures (others)
  A hippogriff (D:6)
  A human (D:2)
  3 fungi (D:10)
  4 plants
9 creatures vanquished.

Grand Total: 474 creatures vanquished

Notes
Turn   | Place    | Note
-------+----------+-------------------------------------------
     0 | D:1      | PurpleRed the Minotaur Fighter began the quest for the Orb.
     0 | D:1      | Reached XP level 1. HP: 19/19 MP: 0/0
   258 | D:1      | Reached skill level 3 in Axes
   323 | D:1      | Reached XP level 2. HP: 26/27 MP: 1/1
   716 | D:1      | Reached skill level 4 in Axes
   716 | D:1      | Reached XP level 3. HP: 24/33 MP: 2/2
   968 | D:2      | Reached XP level 4. HP: 41/41 MP: 3/3
  1351 | D:2      | Found an ancient bone altar of Kikubaaqudgha.
  1358 | D:2      | Noticed a human
  1361 | D:2      | Killed a human
  1596 | D:3      | Found a shattered altar of Ashenzari.
  1618 | D:3      | Reached skill level 5 in Axes
  1638 | D:3      | Found a snail-covered altar of Cheibriados.
  1886 | D:3      | Found a stormy altar of Qazlal.
  2024 | D:3      | Found an ancient bone altar of Kikubaaqudgha.
  2222 | D:3      | Reached XP level 5. HP: 47/47 MP: 4/4
  2468 | D:4      | Noticed an ogre
  2475 | D:4      | Reached skill level 5 in Fighting
  2486 | D:4      | Killed an ogre
  2486 | D:4      | Reached skill level 6 in Axes
  2496 | D:4      | Reached XP level 6. HP: 23/56 MP: 5/5
  2754 | D:4      | Found a basalt altar of Yredelemnul.
  2994 | D:4      | Reached skill level 7 in Axes
  3205 | D:4      | Got a polished dagger
  3206 | D:4      | Identified the +8 dagger of Uncertain Death {freeze, rF+} (You found it on level 4 of the Dungeon)
  3336 | D:5      | Entered Level 5 of the Dungeon
  3417 | D:3      | Found a glowing silver altar of Zin.
  3438 | D:5      | Found an opulent altar of Gozag.
  3694 | D:5      | Reached XP level 7. HP: 63/63 MP: 6/6
  3762 | D:5      | Reached skill level 8 in Axes
  3820 | D:5      | Reached skill level 9 in Axes
  3859 | D:5      | Reached skill level 5 in Armour
  4047 | D:6      | Found a shadowy altar of Dithmenos.
  4062 | D:6      | Found a staircase to the Ecumenical Temple.
  4085 | Temple   | Entered the Ecumenical Temple
  4160 | Temple   | Became a worshipper of Warmaster Okawaru
  4189 | D:6      | Reached XP level 8. HP: 66/70 MP: 7/7
  4322 | D:6      | Killed a hippogriff
  4452 | D:6      | Reached skill level 10 in Axes
  4453 | D:6      | Reached * piety under Okawaru
  4769 | D:6      | Found a sparkling altar of Nemelex Xobeh.
  5154 | D:7      | Found a sacrificial altar of Ru.
  5292 | D:7      | Reached skill level 11 in Axes
  5295 | D:7      | HP: 1/70 [electric eel/bolt of electricity (8)]
  5296 | D:7      | Reached ** piety under Okawaru
  5300 | D:7      | HP: 3/70 [orc warrior/tomahawk (9)]
  5639 | D:7      | Found a faded altar of an unknown god.
  5639 | D:7      | Found a white marble altar of Elyvilon.
  5644 | D:7      | Found a faded altar of an unknown god.
  5646 | D:7      | Found a faded altar of an unknown god.
  5647 | D:7      | Found a faded altar of an unknown god.
  6049 | D:8      | Reached XP level 9. HP: 75/75 MP: 8/8
  6089 | D:8      | Reached *** piety under Okawaru
  6091 | D:8      | Reached skill level 12 in Axes
  6182 | D:8      | Found a shimmering altar of Xom.
  6183 | D:8      | Found a shimmering altar of Xom.
  6183 | D:8      | Found a shimmering altar of Xom.
  6184 | D:8      | Found a shimmering altar of Xom.
  6185 | D:8      | Found a shimmering altar of Xom.
  6185 | D:8      | Found a shimmering altar of Xom.
  6186 | D:8      | Found a shimmering altar of Xom.
  6499 | D:8      | Found a hide-covered altar of Uskayaw.
  6804 | D:9      | Noticed a troll
  6809 | D:9      | Killed a troll
  6809 | D:9      | Reached **** piety under Okawaru
  6809 | D:9      | Reached skill level 13 in Axes
  6850 | D:9      | Found a basalt altar of Yredelemnul.
  7285 | D:10     | Entered Level 10 of the Dungeon
  7285 | D:10     | Noticed a troll
  7294 | D:10     | Killed a troll
  7294 | D:10     | Reached ***** piety under Okawaru
  7294 | D:10     | Reached XP level 10. HP: 80/88 MP: 9/9
  7346 | D:10     | Reached skill level 14 in Axes
  7457 | D:10     | Noticed Gastronok
  7466 | D:10     | Killed Gastronok
  7466 | D:10     | Received a gift from Okawaru
  7467 | D:10     | Got a scorched double sword {god gift}
  7476 | D:10     | Noticed a sixfirhy
  7479 | D:10     | Noticed a smoke demon
  7496 | D:10     | Found a staircase to the Lair.
  7559 | D:10     | Found Tunoclot's Distillery.
  7569 | D:10     | Bought a potion of haste for 140 gold pieces
  7569 | D:10     | Bought a potion of heal wounds for 70 gold pieces
  7569 | D:10     | Bought a potion of might for 56 gold pieces
  7569 | D:10     | Bought a potion of agility for 56 gold pieces
  7569 | D:10     | Bought a potion of flight for 42 gold pieces
  7570 | D:10     | Identified the +7 double sword of the Foremost Curses {elec, Int-4 Dex+3} (Okawaru gifted it to you on level 10 of the Dungeon)
  7624 | D:10     | Found Joiw's Assorted Antiques.
  7632 | D:10     | Bought 2 scrolls labeled ZOUZXI ESTO for 40 gold pieces
  7645 | D:10     | Found Bum Wausiule's Distillery.
  7668 | D:10     | Bought a potion of berserk rage for 65 gold pieces
  7668 | D:10     | Bought a potion of might for 52 gold pieces
  7668 | D:10     | Bought a potion of heal wounds for 65 gold pieces
  7671 | D:10     | Noticed Sonja
  7674 | D:10     | Noticed a hill giant
  7677 | D:10     | Killed Sonja
  7677 | D:10     | Received a gift from Okawaru
  7677 | D:10     | Reached skill level 15 in Axes
  7678 | D:10     | Killed a hill giant
  7687 | D:10     | Noticed a manticore
  7693 | D:10     | Killed a manticore
  7922 | D:10     | Found Jibeussigyo's Weapon Shoppe.
  7999 | D:10     | Reached skill level 10 in Fighting
  8131 | D:10     | Noticed a sun demon
  8313 | D:11     | Noticed a hill giant
  8323 | D:11     | Killed a hill giant
  8323 | D:11     | Reached XP level 11. HP: 36/100 MP: 10/10
  8633 | D:11     | Noticed a hill giant
  8639 | D:11     | Killed a hill giant
  8959 | D:11     | Reached skill level 16 in Axes
  9213 | D:11     | Noticed an eight-headed hydra
  9221 | D:11     | Killed a 12-headed hydra
  9221 | D:11     | Received a gift from Okawaru
  9535 | D:12     | Reached ****** piety under Okawaru
  9691 | D:12     | Noticed Magifyre's ghost (novice FeEn)
  9693 | D:12     | Noticed a centaur warrior
  9695 | D:12     | Noticed an unseen horror
  9701 | D:12     | Killed a centaur warrior
  9708 | D:12     | Killed Magifyre's ghost
  9711 | D:12     | Killed an unseen horror
  9953 | D:12     | Noticed a hill giant
  9958 | D:12     | Killed a hill giant
  9958 | D:12     | Received a gift from Okawaru
  9958 | D:12     | Reached skill level 17 in Axes
  9959 | D:12     | Got a crude arbalest {god gift}
 10130 | D:12     | Found a staircase to the Orcish Mines.
 10371 | D:12     | Noticed a green ugly thing
 10381 | D:12     | Killed a green ugly thing
 10732 | D:13     | Reached XP level 12. HP: 102/112 MP: 11/11
 10736 | D:13     | Received a gift from Okawaru
 10849 | D:13     | Reached skill level 18 in Axes
 10878 | D:13     | Noticed Azrael
 10886 | D:13     | Killed Azrael
 11037 | D:13     | Paralysed by a wizard for 7 turns
 11407 | D:13     | Received a gift from Okawaru
 11416 | D:13     | Noticed Nessos
 11421 | D:13     | Reached skill level 19 in Axes
 11425 | D:13     | Killed Nessos
 11535 | D:13     | Found a flickering gateway to a bazaar.
 11544 | Bazaar   | Entered a bazaar
 11572 | Bazaar   | Found Jevollu's Book Emporium.
 11572 | Bazaar   | Found Dustuc's Jewellery Shoppe.
 11654 | D:13     | Found a gate to the Vaults.
 11690 | D:13     | Noticed a centaur warrior
 11702 | D:13     | Killed a centaur warrior
 12103 | D:14     | Noticed a seven-headed hydra
 12111 | D:14     | Killed a 12-headed hydra
 12411 | D:14     | Noticed a tengu warrior
 12419 | D:14     | Killed a tengu warrior
 12451 | D:14     | Noticed a death knight
 12458 | D:14     | Received a gift from Okawaru
 12458 | D:14     | Reached XP level 13. HP: 67/123 MP: 12/12
 12803 | D:14     | Received a gift from Okawaru
 13141 | D:15     | Entered Level 15 of the Dungeon
 13145 | D:15     | Reached skill level 10 in Armour
 13388 | D:15     | Received a gift from Okawaru
 13388 | D:15     | Reached skill level 20 in Axes
 13400 | D:15     | Identified a +1 pair of boots of running (Okawaru gifted it to you on level 15 of the Dungeon)
 13821 | D:15     | Noticed a fire dragon
 13822 | D:15     | Noticed a fire dragon
 13828 | D:15     | Killed a fire dragon
 13829 | D:15     | Killed a fire dragon
 13830 | D:15     | Found a staircase to the Depths.
 14522 | Depths:1 | Entered Level 1 of the Depths
 14561 | Depths:1 | Reached skill level 1 in Dodging
 14564 | Depths:1 | Reached skill level 15 in Fighting
 14782 | Depths:1 | Noticed an ettin
 14785 | Depths:1 | Noticed a stone giant
 14789 | Depths:1 | Killed an ettin
 14795 | Depths:1 | Killed a stone giant
 14798 | Depths:1 | Paralysed by a great orb of eyes for 4 turns
 14800 | Depths:1 | Received a gift from Okawaru
 14800 | Depths:1 | Reached XP level 14. HP: 7/135 MP: 13/13
 14801 | Depths:1 | HP: 6/135 [tengu warrior/great mace[a tengu warrior] (1)]
 14801 | Depths:1 | Slain by a tengu warrior

Skill      XL: |  1  2  3  4  5  6  7  8  9 10 11 12 13 |
---------------+----------------------------------------+-----
Axes           | 3 4 5 6 7 9 11 13 15 17 19 20 | 20.2
Fighting       | 4 5 6 8 10 12 13 15 | 15.2
Armour         | 5 7 8 11 | 11.4
Dodging        | 3 |  3.1
Shields        | |  3.6

Action                   |  1- 3 |  4- 6 |  7- 9 | 10-12 | 13-15 || total
-------------------------+-------+-------+-------+-------+-------++-------
Melee: War axe           |    66 |   131 |       |       |       ||   197
       Headbutt          |    11 |    40 |    15 |    77 |    50 ||   193
       Dagger            |       |    16 |       |       |       ||    16
       Broad axe         |       |     1 |   133 |   330 |   147 ||   611
Evoke: Wand              |       |       |     3 |     3 |       ||     6
  Use: Scroll            |       |       |    16 |     6 |     2 ||    24
       Potion            |       |       |     2 |     3 |     2 ||     7
 Stab: Distracted        |       |       |       |     3 |     1 ||     4
  Eat: Chunk             |       |     9 |    11 |    14 |     6 ||    40
       Fruit             |       |       |     1 |     1 |     2 ||     4
       Pizza             |       |       |       |     1 |       ||     1
Armor: Scale mail        |    36 |     1 |       |       |       ||    37
       Chain mail        |       |    60 |    27 |       |       ||    87
       Plate armour      |       |       |    17 |   160 |    64 ||   241
Dodge: Dodged            |    13 |    29 |    21 |    44 |    26 ||   133
Block: Shield            |    34 |    80 |    50 |   137 |    56 ||   357
